AA SOUTH
BILOXI SHUCKERS @ BIRMINGHAM BARONS
04/25/2042
 
TOP OF THE 1ST
Biloxi Shuckers batting - Pitching for Birmingham Barons : LHP Juan Salinas
Pitching: LHP Juan Salinas
Batting: RHB Héctor Takahashi 0-0: Foul Ball, location: 25F
0-1: Ball
1-1: Ball
2-1: Ball
3-1: Ground out 5-3 (Groundball, 56, EV 102.5 MPH)
Batting: SHB Dylan Miles 0-0: Foul Ball, location: 5SF
0-1: Called Strike
0-2: Ball
1-2: Foul Ball, location: 2RF
1-2: Ball
2-2: Strikes out swinging
Batting: RHB Steve Jobson 0-0: Swinging Strike
0-1: Called Strike
0-2: Foul Ball, location: 3SF
0-2: Foul Ball, location: 3DF
0-2: Foul Ball, location: 5F
0-2: Ground out 5-3 (Groundball, 5, EV 86.3 MPH)
Top of the 1st over - 0 runs, 0 hits, 0 errors, 0 left on base; Biloxi 0 - Birmingham 0
BOTTOM OF THE 1ST
Birmingham Barons batting - Pitching for Biloxi Shuckers : RHP Luis Sánchez
Pitching: RHP Luis Sánchez
Batting: RHB Sergio Rodríguez 0-0: Ground out U3 (Groundball, 34S, EV 81.9 MPH)
Batting: RHB Willie Crouch 0-0: Fly out, F9 (Flyball, 9S, EV 86.9 MPH)
Batting: RHB Jon Nelson 0-0: Ball
1-0: Called Strike
1-1: Ball
2-1: Swinging Strike
2-2: Strikes out looking
Bottom of the 1st over - 0 runs, 0 hits, 0 errors, 0 left on base; Biloxi 0 - Birmingham 0
TOP OF THE 2ND
Biloxi Shuckers batting - Pitching for Birmingham Barons : LHP Juan Salinas
Batting: LHB Clement Santegoeds 0-0: Foul Ball, location: 25FF
0-1: Ball
1-1: Ball
2-1: SOLO HOME RUN (Flyball, 89XD, EV 110.0 MPH), Distance : 416 ft
Batting: RHB José Hernández 0-0: Ball
1-0: Called Strike
1-1: Ball
2-1: Foul Ball, location: 2F
2-2: Ball
3-2: Foul Ball, location: 23F
3-2: Base on Balls
Batting: LHB Chan-ho Nam 0-0: Bunted foul
0-1: Ball
1-1: Fly out, F7 (Flyball, 78M, EV 87.5 MPH)
Batting: RHB António Quintero 0-0: Fly out, F8 (Line Drive, 8RD, EV 96.9 MPH)
Batting: LHB José García 0-0: Called Strike
0-1: Swinging Strike
0-2: Ball
1-2: Ball
2-2: Ball
3-2: Ground out 6-3 (Groundball, 6, EV 105.6 MPH)
Top of the 2nd over - 1 run, 1 hit, 0 errors, 1 left on base; Biloxi 1 - Birmingham 0
BOTTOM OF THE 2ND
Birmingham Barons batting - Pitching for Biloxi Shuckers : RHP Luis Sánchez
Batting: LHB Rusty Hamm 0-0: Ball
1-0: Called Strike
1-1: Foul Ball, location: 7LMF
1-2: Hit by Pitch
Batting: RHB Chris Smith 0-0: Called Strike
0-1: Fly out, F8 (Line Drive, 89D, EV 90.0 MPH)
Batting: RHB José Solís 0-0: Called Strike
Rusty Hamm steals 2nd base
0-1: Swinging Strike
0-2: Foul Ball, location: 9LMFF
0-2: Ball
1-2: Ground out 6-3 (Groundball, 6, EV 89.4 MPH)
Rusty Hamm to third
Batting: RHB José Chavarría 0-0: Ball
1-0: DOUBLE (Flyball, 89D, EV 93.8 MPH)
Rusty Hamm scores
Batting: RHB Tim Loughrin 0-0: Called Strike
0-1: SINGLE (Line Drive, 6D, EV 93.8 MPH)
José Chavarría to third
Batting: RHB Vic Miller 0-0: Foul Ball, location: 9LMF
0-1: Fly out, F4 (Popup, 34D, EV 53.8 MPH)
Bottom of the 2nd over - 1 run, 2 hits, 0 errors, 2 left on base; Biloxi 1 - Birmingham 1
TOP OF THE 3RD
Biloxi Shuckers batting - Pitching for Birmingham Barons : LHP Juan Salinas
Batting: RHB Julián Rivera 0-0: Ball
1-0: Called Strike
1-1: Foul Ball, location: 5F
1-2: Strikes out swinging
Batting: RHB Héctor Takahashi 0-0: Ball
1-0: Fly out, F7 (Line Drive, 7, EV 98.1 MPH)
Batting: SHB Dylan Miles 0-0: Ground out 5-3 (Groundball, 5S, EV 86.9 MPH)
Top of the 3rd over - 0 runs, 0 hits, 0 errors, 0 left on base; Biloxi 1 - Birmingham 1
BOTTOM OF THE 3RD
Birmingham Barons batting - Pitching for Biloxi Shuckers : RHP Luis Sánchez
Batting: RHB Sergio Rodríguez 0-0: Ball
1-0: Called Strike
1-1: Ball
2-1: Called Strike
2-2: SINGLE (Line Drive, 3D, EV 95.6 MPH)
Batting: RHB Willie Crouch 0-0: Ball
1-0: Ball
2-0: Called Strike
2-1: Ball
3-1: 2-RUN HOME RUN (Flyball, 7LD, EV 94.4 MPH), Distance : 354 ft
Batting: RHB Jon Nelson 0-0: Called Strike
0-1: Ball
1-1: DOUBLE (Line Drive, 78M, EV 104.4 MPH)
Batting: LHB Rusty Hamm 0-0: Ball
1-0: SINGLE (Line Drive, 8RM, EV 85.6 MPH)
Jon Nelson to third
Batting: RHB Chris Smith 0-0: Foul Ball, location: 2F
0-1: Ball
1-1: Foul Ball, location: 3SF
1-2: Foul Ball, location: 2F
1-2: Foul Ball, location: 2F
1-2: Ball
2-2: TRIPLE (Line Drive, 89XD, EV 106.3 MPH)
Jon Nelson scores
Rusty Hamm scores
Batting: RHB José Solís 0-0: Ball
1-0: Fly out, F2 (Popup, 23F, EV 83.1 MPH)
Batting: RHB José Chavarría 0-0: Ball
1-0: Called Strike
1-1: Foul Ball, location: 2F
1-2: Fly out, F9 (Flyball, 9D, EV 98.8 MPH)
Runner from 3rd tags up, SCORES, throw by RF
Batting: RHB Tim Loughrin 0-0: Called Strike
0-1: Ball
1-1: Foul Ball, location: 2F
1-2: Fly out, F7 (Flyball, 7LM, EV 88.8 MPH)
Bottom of the 3rd over - 5 runs, 5 hits, 0 errors, 0 left on base; Biloxi 1 - Birmingham 6
TOP OF THE 4TH
Biloxi Shuckers batting - Pitching for Birmingham Barons : LHP Juan Salinas
Batting: RHB Steve Jobson 0-0: Ball
1-0: Ball
2-0: Ground out 3-1 (Groundball, 34, EV 101.9 MPH)
Batting: LHB Clement Santegoeds 0-0: Ball
1-0: Ball
2-0: Ground out 4-3 (Groundball, 4, EV 86.9 MPH)
Batting: RHB José Hernández 0-0: Called Strike
0-1: Ball
1-1: Swinging Strike
1-2: Ball
2-2: Strikes out swinging
Top of the 4th over - 0 runs, 0 hits, 0 errors, 0 left on base; Biloxi 1 - Birmingham 6
BOTTOM OF THE 4TH
Birmingham Barons batting - Pitching for Biloxi Shuckers : RHP Luis Sánchez
Pitching: LHP Héctor Hinojosa
Batting: RHB Vic Miller 0-0: Ball
1-0: Swinging Strike
1-1: Swinging Strike
1-2: Ball
2-2: Strikes out swinging
Batting: RHB Sergio Rodríguez 0-0: Foul Ball, location: 9LMF
0-1: Ball
1-1: Foul Ball, location: 23FF
1-2: Ball
2-2: Ball
3-2: SINGLE (Flyball, 8LS, EV 91.9 MPH)
Batting: RHB Willie Crouch 0-0: Ball
1-0: Fly out, F8 (Flyball, 8RXD, EV 100.6 MPH)
Batting: RHB Jon Nelson 0-0: Called Strike
Sergio Rodríguez is caught stealing 2nd base 2-4
Bottom of the 4th over - 0 runs, 1 hit, 0 errors, 0 left on base; Biloxi 1 - Birmingham 6
TOP OF THE 5TH
Biloxi Shuckers batting - Pitching for Birmingham Barons : LHP Juan Salinas
Batting: LHB Chan-ho Nam 0-0: Ball
1-0: Ball
2-0: Foul Ball, location: 2F
2-1: Called Strike
2-2: Ground out 4-3 (Groundball, 4M, EV 81.9 MPH)
Batting: RHB António Quintero 0-0: Ball
1-0: Ball
2-0: Ball
3-0: Ground out U3 (Groundball, 34, EV 85.6 MPH)
Batting: LHB José García 0-0: Ball
1-0: Ground out 6-3 (Groundball, 6M, EV 92.5 MPH)
Top of the 5th over - 0 runs, 0 hits, 0 errors, 0 left on base; Biloxi 1 - Birmingham 6
BOTTOM OF THE 5TH
Birmingham Barons batting - Pitching for Biloxi Shuckers : LHP Héctor Hinojosa
Batting: RHB Jon Nelson 0-0: Foul Ball, location: 9LSF
0-1: Foul Ball, location: 2LF
0-2: Foul Ball, location: 9LDF
0-2: Strikes out looking
Batting: LHB Rusty Hamm 0-0: Ball
1-0: Called Strike
1-1: Foul Ball, location: 7LSF
1-2: Ball
2-2: Ball
3-2: Ground out U3 (Groundball, 34S, EV 76.3 MPH)
Batting: RHB Chris Smith 0-0: Ball
1-0: Ground out 5-3 (Groundball, 56, EV 100.0 MPH)
Bottom of the 5th over - 0 runs, 0 hits, 0 errors, 0 left on base; Biloxi 1 - Birmingham 6
TOP OF THE 6TH
Biloxi Shuckers batting - Pitching for Birmingham Barons : LHP Juan Salinas
Batting: RHB Julián Rivera 0-0: Ground out 1-3 (Groundball, 13, EV 74.4 MPH)
Batting: RHB Héctor Takahashi 0-0: Fly out, F9 (Line Drive, 9LM, EV 110.6 MPH)
Batting: SHB Dylan Miles 0-0: Called Strike
0-1: Fly out, F9 (Flyball, 89M, EV 88.8 MPH)
Top of the 6th over - 0 runs, 0 hits, 0 errors, 0 left on base; Biloxi 1 - Birmingham 6
BOTTOM OF THE 6TH
Birmingham Barons batting - Pitching for Biloxi Shuckers : LHP Héctor Hinojosa
Batting: RHB José Solís 0-0: Ball
1-0: Called Strike
1-1: Ball
2-1: Ball
3-1: Called Strike
3-2: Foul Ball, location: 23F
3-2: Fly out, F5 (Popup, 56, EV 57.5 MPH)
Batting: RHB José Chavarría 0-0: Ball
1-0: Ball
2-0: Ball
3-0: Called Strike
3-1: Foul Ball, location: 2F
3-2: Foul Ball, location: 2F
3-2: Foul Ball, location: 2F
3-2: SINGLE (Line Drive, 5D, EV 67.5 MPH)
Batting: RHB Tim Loughrin 0-0: Called Strike
0-1: Swinging Strike
0-2: Fielders Choice at 2nd, 4-6 (Groundball, 4, EV 80.0 MPH)
Batting: RHB Vic Miller 0-0: Called Strike
0-1: Swinging Strike
0-2: Fielders Choice at 2nd, 5-4 (Groundball, 5, EV 86.3 MPH)
Bottom of the 6th over - 0 runs, 1 hit, 0 errors, 1 left on base; Biloxi 1 - Birmingham 6
TOP OF THE 7TH
Biloxi Shuckers batting - Pitching for Birmingham Barons : LHP Juan Salinas
Batting: RHB Steve Jobson 0-0: Called Strike
0-1: TRIPLE (Flyball, 8RXD, EV 107.5 MPH)
Batting: LHB Clement Santegoeds 0-0: Called Strike
0-1: Swinging Strike
0-2: Fly out, F7 (Flyball, 7D, EV 95.6 MPH)
Runner from 3rd tags up, SCORES, no throw by LF
Batting: RHB José Hernández 0-0: Called Strike
0-1: Ball
1-1: Ball
2-1: Foul Ball, location: 7LSF
2-2: Ball
3-2: Foul Ball, location: 2RF
3-2: Fly out, F3 (Popup, 3SF, EV 83.1 MPH)
Batting: LHB Chan-ho Nam 0-0: Ball
1-0: Ground out 3-1 (Groundball, 34S, EV 86.9 MPH)
Top of the 7th over - 1 run, 1 hit, 0 errors, 0 left on base; Biloxi 2 - Birmingham 6
BOTTOM OF THE 7TH
Birmingham Barons batting - Pitching for Biloxi Shuckers : LHP Héctor Hinojosa
Batting: RHB Sergio Rodríguez 0-0: Ball
1-0: Ball
2-0: Ground out 6-3 (Groundball, 6, EV 101.3 MPH)
Batting: RHB Willie Crouch 0-0: Called Strike
0-1: Ball
1-1: Ground out 5-3 (Groundball, 5S, EV 76.9 MPH)
Batting: RHB Jon Nelson 0-0: Fly out, F7 (Flyball, 7LS, EV 93.8 MPH)
Bottom of the 7th over - 0 runs, 0 hits, 0 errors, 0 left on base; Biloxi 2 - Birmingham 6
TOP OF THE 8TH
Biloxi Shuckers batting - Pitching for Birmingham Barons : LHP Juan Salinas
Pitching: RHP Jim May
Batting: RHB António Quintero 0-0: Ball
1-0: Called Strike
1-1: Called Strike
1-2: Strikes out swinging, 2-3 out at first.
Batting: LHB José García 0-0: Called Strike
0-1: Ball
1-1: Foul Ball, location: 7LSF
1-2: Fly out, F5 (Line Drive, 5L, EV 71.3 MPH)
Batting: RHB Julián Rivera 0-0: Ball
1-0: Ball
2-0: Called Strike
2-1: Swinging Strike
2-2: Fly out, F8 (Flyball, 78M, EV 94.4 MPH)
Top of the 8th over - 0 runs, 0 hits, 0 errors, 0 left on base; Biloxi 2 - Birmingham 6
BOTTOM OF THE 8TH
Birmingham Barons batting - Pitching for Biloxi Shuckers : LHP Héctor Hinojosa
Batting: LHB Rusty Hamm 0-0: Ball
1-0: Foul Ball, location: 7LMF
1-1: Ball
2-1: Fly out, F7 (Flyball, 7, EV 95.0 MPH)
Batting: RHB Chris Smith 0-0: Ball
1-0: Foul Ball, location: 5F
1-1: SOLO HOME RUN (Line Drive, 7D, EV 97.5 MPH), Distance : 386 ft
Batting: RHB José Solís 0-0: Foul Ball, location: 9LMF
0-1: Ball
1-1: Ball
2-1: Fly out, F7 (Flyball, 78D, EV 96.9 MPH)
Batting: RHB José Chavarría 0-0: Foul Ball, location: 25F
0-1: Ball
1-1: Ball
2-1: Ball
3-1: Base on Balls
Pitching: RHP Edwin Williams
Batting: RHB Tim Loughrin 0-0: Called Strike
José Chavarría is caught stealing 2nd base 2-4
Bottom of the 8th over - 1 run, 1 hit, 0 errors, 0 left on base; Biloxi 2 - Birmingham 7
TOP OF THE 9TH
Biloxi Shuckers batting - Pitching for Birmingham Barons : RHP Jim May
Batting: RHB Héctor Takahashi 0-0: DOUBLE (Flyball, 89XD, EV 111.3 MPH)
Batting: SHB Dylan Miles 0-0: Ball
1-0: Called Strike
1-1: Ground out 4-3 (Groundball, 4, EV 101.3 MPH)
Héctor Takahashi to third
Batting: RHB Steve Jobson 0-0: SINGLE (Groundball, 6, EV 86.9 MPH) (infield hit)
Héctor Takahashi scores
Batting: LHB Clement Santegoeds 0-0: Foul Ball, location: 23F
0-1: Fly out, F9 (Flyball, 9D, EV 101.9 MPH)
Batting: RHB José Hernández 0-0: Ball
1-0: Swinging Strike
1-1: Ground out 4-3 (Groundball, 34, EV 87.5 MPH)
Top of the 9th over - 1 run, 2 hits, 0 errors, 1 left on base; Biloxi 3 - Birmingham 7
Monday, May 6th , 2024 - OOTP Baseball 24.10 Build 82